 Dungeon Crawl Stone Soup version 0.25-a0-855-g681bda5bb4 (webtiles) character file.

Game seed: 1958634108710153954, levelgen mode: deterministic

419 Fukker the Fanfare of Bloodshed (level 6, -4/43 HPs)
             Began as a Demonspawn Artificer on Apr 26, 2020.
             Was a Believer of Makhleb.
             Slain by an ogre
             ... wielding a +0 giant spiked club
              (24 damage)
             ... on level 4 of the Dungeon.
             The game lasted 00:11:50 (3570 turns).

Fukker the Fanfare of Bloodshed (DsAr)              Turns: 3570, Time: 00:11:51

Health: -4/43      AC: 11    Str: 14    XL:     6   Next: 62%
Magic:  9/9        EV: 10    Int: 12    God:    Makhleb [**....]
Gold:   225        SH:  4    Dex: 14    Spells: 5/5 levels left

rFire    . . .     SeeInvis .   l - +2 dagger (drain)
rCold    . . .     Gourm    .   x - +0 buckler
rNeg     . . .     Faith    .   i - +0 ring mail
rPois    +         Spirit   .   n - +0 helmet
rElec    .         Reflect  .   (no cloak)
rCorr    .         Harm     .   m - +0 pair of gloves
MR       .....                  u - +0 pair of boots
Stlth    +.........             (no amulet)
HPRegen  0.14/turn              F - ring of poison resistance
MPRegen  0.11/turn              (no ring)

@: no status effects
A: icy blue scales 2, foul stench 1, rot immunity
a: Minor Destruction, Renounce Religion


You were on level 4 of the Dungeon.
You worshipped Makhleb.
Makhleb was pleased with you.
You were not hungry.

You visited 1 branch of the dungeon, and saw 4 of its levels.

You collected 225 gold pieces.

Inventory:

Hand Weapons
 a - a +0 short sword
 l - a +2 dagger of draining (weapon)
Missiles
 b - 148 stones
 k - 20 poisoned darts (quivered)
 r - 38 arrows
 v - 23 sling bullets
 y - 8 javelins
 G - 20 bolts
Armour
 i - a +0 ring mail (worn)
 m - a +0 pair of gloves (worn)
 n - a +0 helmet (worn)
 u - a +0 pair of boots (worn)
 x - a +0 buckler (worn)
Jewellery
 F - a ring of poison resistance (left hand)
Wands
 c - a wand of flame (8)
 d - a wand of enslavement (13)
 e - a wand of random effects (10)
 I - a wand of digging (5)
Scrolls
 j - 3 scrolls of remove curse {unknown}
 q - 3 scrolls of blinking {unknown}
 w - a scroll of random uselessness {unknown}
 z - 2 scrolls of fog {unknown}
 D - 3 scrolls of identify {unknown}
Potions
 g - a potion of heal wounds {unknown}
 h - 2 potions of magic {unknown}
 o - 2 potions of resistance {unknown}
 p - 2 potions of lignification {unknown}
 s - 9 potions of curing {unknown}
 t - a potion of mutation {unknown}
 A - a potion of flight {unknown}
 B - a potion of cancellation {unknown}
 C - a potion of berserk rage {unknown}
 E - a potion of stabbing {unknown}
Comestibles
 f - 7 rations
 H - 9 chunks of flesh


   Skills:
 - Level 1.0 Fighting
 - Level 4.4 Short Blades
 - Level 1.0 Throwing
 - Level 0.5 Armour
 - Level 1.7 Dodging
 - Level 0.8 Stealth
 - Level 1.2 Shields
 * Level 5.3 Invocations
 - Level 3.0 Evocations


You had 5 spell levels left.
You didn't know any spells.
Your spell library was empty.

Dungeon Overview and Level Annotations

Branches:
Dungeon (4/15)
 Temple: D:4-7

Altars:
Makhleb
Sif Muna
Xom

Annotations:
D:3 3 runed translucent doors, Conn's ghost, amateur OpWz; devtcp's ghost, weakling DEWz; hexxy's ghost, amateur DEFE; sevenfields's ghost, amateur DrWn; temitten's ghost, amateur NaWn


Innate Abilities, Weirdness & Mutations

You are mostly covered in icy blue scales. (AC +3)
You may emit foul miasma when damaged in melee.
You are immune to rotting.


Message History

The ogre looks sick.
Evoke which item? (* to show all) (? for menu, Esc to quit)
Okay, then.
Press: ? - help, Shift-Dir - straight line, f/p - ogre
Aim: an ogre, wielding a +0 giant spiked club (severely wounded, sick)
The ogre writhes in agony.
Press: ? - help, Shift-Dir - straight line, f/p - ogre
Aim: an ogre, wielding a +0 giant spiked club (severely wounded, sick)
The glob of acid misses the ogre.
The ogre barely misses you.
Press: ? - help, Shift-Dir - straight line, f/p - ogre
Aim: an ogre, wielding a +0 giant spiked club (severely wounded, sick)
The ogre resists with significant effort.
The ogre barely misses you.
Press: ? - help, Shift-Dir - straight line, f/p - ogre
Aim: an ogre, wielding a +0 giant spiked club (severely wounded, sick)
The puff of flame hits the ogre.
The ogre is almost dead.
The ogre hits you with a +0 giant spiked club!!
Ouch! That really hurt!
You die...

.......
######. .. .#
#. .## #. ..#
###.# ..#
.... .## #..
.# #.†## ##
#..@# # ##.O#
# .######..#
.........#
..####...# #.
#...# #.
#...# #.
#...#
####.####...#


You could see an ogre.

Vanquished Creatures
  A phantom (D:4)
  A howler monkey (D:4)
  An orc wizard (D:4)
  An iguana (D:4)
  A worker ant (D:4)
  A hound skeleton (D:2)
  5 gnolls
  5 adders
  An ooze (D:2)
  3 worms
  A dart slug (D:2)
  6 leopard geckos
  6 orcs
  7 bats
  4 giant cockroaches
  7 goblins
  9 hobgoblins
  4 jackals
  2 ball pythons
  7 frilled lizards
  8 kobolds
  4 rats
85 creatures vanquished.

Vanquished Creatures (collateral kills)
  A worm (D:2)
  4 frilled lizards
5 creatures vanquished.

Vanquished Creatures (others)
  8 plants (D:4)
8 creatures vanquished.

Grand Total: 98 creatures vanquished

Notes
Turn   | Place    | Note
-------+----------+-------------------------------------------
     0 | D:1      | Fukker the Demonspawn Artificer began the quest for the
                  | Orb.
     0 | D:1      | Reached XP level 1. HP: 15/15 MP: 3/3
    20 | D:1      | Reached skill level 1 in Short Blades
   181 | D:1      | Gained mutation: You are partially covered in icy blue
                  | scales. (AC +2) [demonic ancestry]
   181 | D:1      | Reached XP level 2. HP: 16/21 MP: 4/4
  1054 | D:1      | Gained mutation: You are mostly covered in icy blue scales.
                  | (AC +3) [demonic ancestry]
  1054 | D:1      | Reached XP level 3. HP: 26/26 MP: 5/5
  1239 | D:2      | Found a faded altar of an unknown god.
  1267 | D:2      | Became a worshipper of Makhleb the Destroyer
  1267 | D:2      | Reached * piety under Makhleb
  1351 | D:2      | Gained mutation: You are immune to rotting. [demonic
                  | ancestry]
  1351 | D:2      | Reached XP level 4. HP: 20/32 MP: 6/6
  1625 | D:2      | Found a shimmering altar of Xom.
  1651 | D:2      | Reached skill level 1 in Throwing
  2179 | D:3      | Reached skill level 1 in Shields
  2179 | D:3      | Reached XP level 5. HP: 20/37 MP: 7/7
  2499 | D:3      | Reached ** piety under Makhleb
  2631 | D:3      | Found a runed translucent gate.
  2631 | D:3      | Found a runed translucent gate.
  2631 | D:3      | Found a runed translucent gate.
  2632 | D:3      | Noticed devtcp's ghost (weakling DEWz)
  2632 | D:3      | Noticed temitten's ghost (amateur NaWn)
  2632 | D:3      | Noticed Conn's ghost (amateur OpWz)
  2632 | D:3      | Noticed hexxy's ghost (amateur DEFE)
  2632 | D:3      | Noticed sevenfields's ghost (amateur DrWn)
  2902 | D:4      | Reached skill level 1 in Invocations
  3222 | D:4      | Noticed a phantom
  3391 | D:4      | Reached skill level 2 in Invocations
  3410 | D:4      | Reached skill level 3 in Invocations
  3424 | D:4      | Gained mutation: You may emit foul miasma when damaged in
                  | melee. [demonic ancestry]
  3424 | D:4      | Reached XP level 6. HP: 41/43 MP: 8/8
  3457 | D:4      | Found a shimmering blue altar of Sif Muna.
  3491 | D:4      | Reached skill level 4 in Invocations
  3537 | D:4      | Reached skill level 5 in Invocations
  3570 | D:4      | Slain by an ogre

Levels and vault maps discovered:
D:1:      lordsloth_arrival_two_stooges, layout_loops_ring,
          serial_bayou_crossing
D:2:      layout_basic, old_standard_altar,
          chequers_ecumenical_altar_simple_redux
D:3:      kennysheep_six_static_rooms, layout_basic, gammafunk_ghost_cemetery
D:4:      minmay_razor_zed, layout_loops_ring, led_sif_pool, first_ration,
          minmay_misc_feat_square, minmay_lizard_king

Skill      XL: |  1  2  3  4  5  6 |
---------------+-------------------+-----
Short Blades   | 1 2 3 4 |  4.4
Throwing       | 1 |  1.0
Shields        | 1 |  1.2
Invocations    | 3 5 |  5.3
Fighting       | |  1.0
Armour         | |  0.5
Dodging        | |  1.7
Stealth        | |  0.8
Evocations     | |  3.0

Action                   |  1- 3 |  4- 6 || total
-------------------------+-------+-------++-------
Melee: Short sword       |    95 |       ||    95
       Dagger            |    47 |   137 ||   184
Throw: Dart              |    14 |    27 ||    41
Invok: Minor Destruction |       |    29 ||    29
Evoke: Wand              |    15 |    10 ||    25
 Stab: Paralysed         |     2 |       ||     2
  Eat: Chunk             |     1 |     8 ||     9
Armor: Ring mail         |    50 |    51 ||   101
       Leather armour    |     1 |       ||     1
Dodge: Dodged            |    79 |    65 ||   144
Block: Buckler           |       |    11 ||    11

Table legend:
 A = Non-vault XP
 B = Vault XP
 C = Vault XP percentage of total XP
 D = Non-vault monster count
 E = Vault monster count
 F = Vault count percentage of total count
                 A         B        C        D         E       F
            +---------+---------+-------+---------+---------+-------
      Total |     515 |      84 |  14.0 |      70 |      20 |  22.2
            +---------+---------+-------+---------+---------+-------
        D:1 |      47 |       0 |   0.0 |      25 |       0 |   0.0
        D:2 |     117 |       0 |   0.0 |      24 |       0 |   0.0
        D:3 |      83 |      14 |  14.4 |      12 |       6 |  33.3
        D:4 |     268 |      70 |  20.7 |       9 |      14 |  60.9
            +---------+---------+-------+---------+---------+-------
